AoeStats
← El Travieso Scott

Arena

506310384Analyzed
4v4 RM · 19d ago on Sep 13, 2026· 37m 44s· 8 players
Game mode
Random Map
Map size
Large (8 player)
Population
200
Speed
Normal
Resources
Standard
Victory
Conquest
Starting age
Dark Age
Ending age
Imperial Age
RankedLock teamsTeams togetherTeam positionsShared explorationLock speedFull tech treeHidden civsTurbo modeCheats
Victory
Defeat
🇨🇦 Poles · Canada
980
+14
975
+14
🇹🇼 Mongols · Taiwan
975
+14
🇮🇳 Slavs · India
940
+16
🇧🇴 Lithuanians · Bolivia
953
-15
🇦🇷 Poles · Argentina
940
-15
🇵🇪 Celts · Peru
922
-14
🇨🇷 Turks · Costa Rica
917
-14
_gaara_
11:44 Feudal Age
12:46 Double-Bit Axe
12:47 Horse Collar
15:15 Loom
18:19 Castle Age
18:07 Gold Mining
18:09 Stone Mining
20:18 Bow Saw
21:47 Padded Archer Armor
24:31 Wheelbarrow
27:57 Hand Cart
27:28 Town Watch
32:54 Imperial Age
32:08 Leather Archer Armor
Edcastillo
9:58 Feudal Age
10:40 Double-Bit Axe
10:38 Horse Collar
18:19 Castle Age
16:32 Stone Mining
22:27 Forging
25:06 Iron Casting
26:54 Wheelbarrow
29:06 Hand Cart
29:11 Bow Saw
29:55 Scale Mail Armor
30:27 Pikeman
31:34 Chain Mail Armor
31:25 Scale Barding Armor
31:46 Heavy Plow
33:25 Chain Barding Armor
33:53 Gold Mining
37:36 Imperial Age
El Travieso Scott
10:53 Feudal Age
16:36 Castle Age
15:32 Double-Bit Axe
15:29 Horse Collar
19:33 Fervor
20:41 Loom
28:13 Imperial Age
27:05 Wheelbarrow
28:25 Gold Mining
28:27 Stone Mining
28:49 Bow Saw
29:40 Caravan
30:54 Stone Shaft Mining
30:31 Forging
30:32 Heavy Plow
31:03 Scale Mail Armor
31:44 Conscription
31:05 Pikeman
32:25 Iron Casting
31:20 Elite Woad Raider
32:06 Murder Holes
32:33 Ballistics
32:36 Hand Cart
33:06 Capped Ram
34:48 Gold Shaft Mining
35:14 Chain Mail Armor
36:00 Blast Furnace
35:43 Heavy Scorpion
37:13 Siege Ram
andy
10:55 Feudal Age
15:00 Castle Age
14:07 Double-Bit Axe
14:41 Town Watch
14:38 Horse Collar
16:04 Bow Saw
16:35 Loom
19:26 Bloodlines
19:44 Loom
22:26 Horse Collar
23:46 Gold Mining
25:39 Wheelbarrow
30:30 Imperial Age
28:14 Scale Barding Armor
28:20 Forging
28:50 Forging
28:30 Fletching
29:16 Chain Barding Armor
29:39 Heavy Plow
30:25 Iron Casting
30:22 Fletching
30:52 Husbandry
31:28 Bodkin Arrow
32:09 Iron Casting
31:17 Cavalier
33:06 Chemistry
34:08 Iron Casting
33:34 Elite Skirmisher
35:24 Bracer
36:24 Blast Furnace
35:18 Light Cavalry
MidnightBlue331
9:33 Feudal Age
9:55 Horse Collar
10:02 Double-Bit Axe
16:35 Castle Age
16:23 Scale Barding Armor
17:30 Heavy Plow
20:58 Husbandry
22:27 Wheelbarrow
21:38 Loom
22:34 Wheelbarrow
22:08 Loom
22:37 Bow Saw
24:48 Forging
28:26 Imperial Age
26:36 Ballistics
26:10 Fletching
27:14 Gold Mining
27:43 Bloodlines
26:54 Light Cavalry
28:16 Padded Archer Armor
29:48 Conscription
29:51 Chain Barding Armor
30:11 Crop Rotation
29:58 Town Watch
29:55 Winged Hussar
30:47 Stone Mining
31:35 Iron Casting
31:05 Scale Mail Armor
32:05 Squires
31:50 Arson
31:57 Crossbowman
33:43 Blast Furnace
32:39 Bodkin Arrow
34:09 Chemistry
33:27 Masonry
34:44 Leather Archer Armor
35:00 Lechitic Legacy
34:18 Arbalester
35:11 Murder Holes
35:31 Thumb Ring
36:49 Elite Obuch
37:38 Bracer
37:59 Chain Mail Armor
NaBhai
10:27 Feudal Age
14:40 Castle Age
13:02 Double-Bit Axe
13:01 Horse Collar
15:43 Bow Saw
20:44 Wheelbarrow
21:56 Hand Cart
21:47 Heavy Plow
22:41 Gold Mining
23:52 Stone Mining
28:24 Imperial Age
25:57 Fletching
26:51 Gold Shaft Mining
27:05 Ballistics
26:42 Bodkin Arrow
26:48 Padded Archer Armor
26:24 Pikeman
27:05 Squires
27:06 Scale Mail Armor
27:17 Forging
27:47 Loom
27:48 Town Watch
29:02 Chain Mail Armor
28:39 Heavy Scorpion
28:54 Halberdier
31:21 Chemistry
31:17 Conscription
31:34 Plate Mail Armor
33:23 Leather Archer Armor
34:44 Two-Man Saw
34:46 Iron Casting
34:54 Druzhina
35:27 Ring Archer Armor
35:54 Siege Engineers
38:33 Blast Furnace
roger777
3:30 Loom
7:54 Loom
10:00 Feudal Age
14:57 Castle Age
13:36 Double-Bit Axe
25:40 Fletching
26:41 Pikeman
29:14 Wheelbarrow
29:44 Horse Collar
34:16 Imperial Age
32:44 Bodkin Arrow
33:31 Padded Archer Armor
33:49 Heavy Plow
36:24 Forging
37:24 Bracer
38:26 Chemistry
37:47 Ballistics
说唱歌手玛卡巴卡
9:28 Feudal Age
10:33 Double-Bit Axe
18:13 Castle Age
16:10 Horse Collar
17:42 Gold Mining
19:51 Bow Saw
19:43 Heavy Plow
20:20 Gold Shaft Mining
23:29 Stone Mining
27:41 Imperial Age
25:00 Loom
26:08 Stone Shaft Mining
26:25 Forging
26:21 Scale Barding Armor
27:13 Husbandry
27:24 Bloodlines
30:43 Two-Man Saw
31:33 Chemistry
31:00 Heavy Camel Rider
33:25 Wheelbarrow
33:36 Iron Casting
33:21 Chain Barding Armor
35:18 Blast Furnace
33:42 Imperial Camel Rider
35:31 Hand Cart
38:38 Plate Barding Armor
Connection lost

Rejoining the realm…

Still unreachable

The connection could not be restored.

Session expired

The server has moved on; the page needs a fresh start.